 Dungeon Crawl Stone Soup version 0.31-a0-1074-g0b22e4e0f1 (webtiles) character file.

Game seed: 4135574642163486287

88 grandjackal the Trooper (level 4, -5/37 HPs)
             Began as a Djinni Cinder Acolyte on Nov 29, 2023.
             Was a High Priest of Ignis.
             Slain by Sigmund
             ... wielding a +1 antimagic scythe
              (6 damage)
             ... on level 3 of the Dungeon.
             The game lasted 00:02:08 (1977 turns).

grandjackal the Trooper (Djinni Cinder Acolyte)     Turns: 1977, Time: 00:02:08

Health: -5/37      AC:  3    Str: 13    XL:     4   Next: 82%
Gold:   102        EV: 12    Int: 17    God:    Ignis [*****.] SH:  0 Dex:  9

rFire   + + +        a - -1 falchion (flame)
rCold   x . .        (no shield)
rNeg    . . .        b - +0 robe
rPois   ∞            (no helmet)
rElec   .            k - +0 cloak
rCorr   .            (no gloves)
SInv    .            (boots unavailable)
Will    +....        (no amulet)
Stlth   +            (no ring)
HPRegen 0.26/turn    (no ring)
MPRegen 0.00/turn

%: infuse magic (-6 HP)
@: confused, enlightened, flying, hasted, very quick
A: sickness immunity, fire resistance 2, cold vulnerability 1, float, innate
caster, HP casting, extra vitality 1
a: Renounce Religion, Fiery Armour, Foxfire Swarm, Rising Flame


You were on level 3 of the Dungeon.
You worshipped Ignis.
Ignis was extremely pleased with you.
You visited 1 branch of the dungeon, and saw 3 of its levels.

You collected 102 gold pieces.

Inventory:

Hand Weapons
 a - a -1 falchion of flaming (weapon)
Armour
 b - a +0 robe (worn)
 k - a +0 cloak (worn)
Jewellery
 p - a ring of ice
Scrolls
 e - 2 scrolls of vulnerability {unknown}
 f - a scroll of teleportation {unknown}
 h - a scroll of revelation {unknown}
 i - a scroll of enchant armour {unknown}
 j - a scroll of blinking {unknown}
 l - 4 scrolls of identify {unknown}
 o - a scroll of fog {unknown}
Potions
 d - a potion of enlightenment
 g - a potion of heal wounds {unknown}
 m - a potion of degeneration {unknown}
 n - a potion of mutation {unknown}
 q - a potion of might {unknown}


   Skills:
 + Level 3.8 Fighting
 + Level 3.4 Long Blades
 + Level 2.3 Dodging
 - Level 2.3 Spellcasting
 - Level 2.3 Conjurations
 - Level 2.3 Hexes
 - Level 2.3 Summonings
 - Level 2.3 Necromancy
 - Level 2.3 Translocations
 - Level 2.3 Transmutations
 - Level 2.3 Fire Magic
 - Level 2.3 Ice Magic
 - Level 2.3 Air Magic
 - Level 2.3 Earth Magic
 - Level 2.3 Poison Magic


You knew the following spells:

 Your Spells              Type           Power      Damage    Failure   Level
a - Scorch                Fire           20%        2d5       11%         2
b - Slow                  Hex            40%        N/A       7%          1
Your spell library was empty.

Dungeon Overview and Level Annotations

Branches:
Dungeon (3/15)

Altars:

Shops:
D:2 [

Annotations:
D:3 Sigmund


Innate Abilities, Weirdness & Mutations

You are immune to sickness and miasma.
You are immune to poison.
Your flesh is very heat resistant. (rF++)
You are vulnerable to cold. (rC-)
You float through the air rather than walking.
You learn spells naturally, not from books.
Your magical power is your life essence.
You have superior vitality. (+4 MHP)


Message History

Sigmund is almost dead.
Sigmund points at you and mumbles some strange words.
The magic dart hits you.
You barely miss Sigmund.
Sigmund is almost dead.
Sigmund gestures at you while chanting.
You are confused.
Sigmund hits you from afar with a +1 antimagic scythe.
You bump into the rock wall.
Sigmund hits you from afar with a +1 antimagic scythe!
You bump into the rock wall.
You bump into the rock wall.
Sigmund hits you from afar with a +1 antimagic scythe.
You bump into the rock wall.
Sigmund asks, "Do you like me?" Sigmund gestures at you while chanting.
The puff of flame hits you. You resist.
You feel less confused. Sigmund attacks as he pursues you!
Sigmund hits you from afar with a +1 antimagic scythe.
You closely miss Sigmund.
Sigmund is almost dead.
Sigmund hits you with a +1 antimagic scythe!
* * * LOW HITPOINT WARNING * * *
You barely miss Sigmund.
Sigmund is almost dead.
Sigmund casts a spell at you.
You are confused.
Unknown command.
It was a potion of enlightenment.
You feel more buoyant. Sigmund gestures at you while chanting.
The puff of flame hits you but does no damage.
You resist.
Sigmund hits you from afar with a +1 antimagic scythe.
* * * LOW HITPOINT WARNING * * *
It was a potion of haste.
You feel yourself speed up.
Sigmund hits you from afar with a +1 antimagic scythe.
You die...
Sigmund begins carving another notch in his scythe.

.# .## .. #.#.####.#
# ########
###.#......##.#
..^..... ..#.#
###.....# ..####
#.#.# #.@..<#.#
.....# #.#.###.#.###
#.##.# #.#....@..#
#.<#.#####.#.....###
#..#.......#...###
#..#.#.####..#.......
#..#.#.# #..########
#..#.#.####..#
#..#<#.......#
...#####.....#
#..........#.#


You could see Sigmund.

Vanquished Creatures
  Jessica (D:2)
  An adder (D:2)
  A worm (D:2)
  A dart slug (D:1)
  2 endoplasms (D:1)
  2 giant cockroaches
  4 goblins (D:2)
  6 hobgoblins
  4 jackals (D:2)
  6 kobolds
  4 quokkas
  4 ball pythons
  4 bats
  A frilled lizard (D:1)
  2 rats
43 creatures vanquished.

Vanquished Creatures (others)
  10 foxfires (D:3)
10 creatures vanquished.

Grand Total: 53 creatures vanquished

Notes
Turn   | Place    | Note
-------+----------+-------------------------------------------
     0 | D:1      | grandjackal the Djinni Cinder Acolyte began the quest for
                  | the Orb.
     0 | D:1      | grandjackal set off with the following spells memorised:
                  | Scorch.
     0 | D:1      | Reached XP level 1. HP: 20/20 MP: 0/0
   160 | D:1      | Reached XP level 2. HP: 20/25 MP: 0/0
   290 | D:1      | Reached skill level 1 in Dodging
   550 | D:1      | Reached XP level 3. HP: 17/30 MP: 0/0
   550 | D:1      | Learned a level 1 spell: Slow
   952 | D:2      | Noticed Jessica
   968 | D:2      | Killed Jessica
   969 | D:2      | Reached XP level 4. HP: 8/36 MP: 0/0
  1517 | D:2      | Found Cot Boedy's Antique Armour Shop.
  1958 | D:3      | Noticed Sigmund
  1976 | D:3      | HP: 1/37 [Sigmund/+1 antimagic scythe (4)]
  1977 | D:3      | Slain by Sigmund

Illustrated notes

Levels and vault maps discovered:
D:1:      psy_arrival_conway, layout_loops_ring, minmay_distorted
D:2:      layout_rooms, serial_shops, nicolae_square_shop, uniq_jessica
D:3:      layout_basic, uniq_sigmund

Skill      XL: |  1  2  3 |
---------------+----------+-----
Dodging        | 1 2 |  2.3
Long Blades    | 3 |  3.4
Fighting       | |  3.8
Spellcasting   | |  2.3
Conjurations   | |  2.3
Hexes          | |  2.3
Summonings     | |  2.3
Necromancy     | |  2.3
Translocations | |  2.3
Transmutations | |  2.3
Fire Magic     | |  2.3
Ice Magic      | |  2.3
Air Magic      | |  2.3
Earth Magic    | |  2.3
Poison Magic   | |  2.3

Action                     |  1- 3 |  4- 6 || total
---------------------------+-------+-------++-------
  Melee: Falchion          |    93 |    94 ||   187
 Invoke: Foxfire Swarm     |       |     1 ||     1
    Use: Potion            |       |     2 ||     2
 Armour: Robe              |    61 |    75 ||   136
  Dodge: Dodged            |    81 |    68 ||   149

Table legend: (Time is in decaauts)
 A = Elapsed time spent in this place.
 B = Non-inter-level travel time spent in this place.
 C = Inter-level travel time spent in this place.
 D = Time resting spent in this place.
 E = Time spent auto-exploring this place.
 F = Levels seen in this place.
 G = Mean time per level.
                   A        B        C        D        E       F      G
               +--------+--------+--------+--------+--------+-----+--------+
         Total |   2002 |   1927 |     75 |    488 |   1029 |   3 |  667.3 |
       Dungeon |   2002 |   1927 |     75 |    488 |   1029 |   3 |  667.3 |
               +--------+--------+--------+--------+--------+-----+--------+

Top non-repeatable levels by time:
     D:2: 917 daAuts
     D:1: 808 daAuts
     D:3: 275 daAuts
